 Dungeon Crawl Stone Soup version 0.29.1-1-gd02db69 (webtiles) character file.

Game seed: 9952533328240339789

16 Kel the Chopper (level 2, 0/19 HPs)
             Began as a Gargoyle Berserker on Nov 26, 2022.
             Was a Follower of Trog.
             Slain by a hobgoblin (2 damage)
             ... on level 1 of the Dungeon.
             The game lasted 00:00:38 (629 turns).

Kel the Chopper (Gargoyle Berserker)                 Turns: 629, Time: 00:00:39

Health: 0/19       AC:  4    Str: 20    XL:     2   Next: 54%
Magic:  2/2        EV: 11    Int:  7    God:    Trog [*.....]
Gold:   19         SH:  0    Dex:  9    Spells: 1/1 levels left

rFire   . . .      SeeInvis .   a - +0 hand axe
rCold   . . .      Faith    .   (no shield)
rNeg    + . .      Spirit   .   b - +0 animal skin
rPois   ∞          Reflect  .   (no helmet)
rElec   +          Harm     .   (no cloak)
rCorr   .          Rampage  .   (no gloves)
Will    .....                   (no boots)
Stlth   +.........              (no amulet)
HPRegen 0.06/turn               (no ring)
MPRegen 0.08/turn               (no ring)

@: no status effects
A: sickness immunity, AC +2, negative energy resistance 1, electricity
resistance, torment resistance 1, petrification resistance
a: Renounce Religion, Berserk


You were on level 1 of the Dungeon.
You worshipped Trog.
Trog was aware of your devotion.
You visited 1 branch of the dungeon, and saw 1 of its levels.

You collected 19 gold pieces.

Inventory:

Hand Weapons
 a - a +0 hand axe (weapon)
Armour
 b - a +0 animal skin (worn)
Potions
 c - 2 potions of lignification {unknown}
 d - a potion of flight {unknown}


   Skills:
 - Level 3.2 Fighting
 + Level 3.4 Axes
 - Level 2.1 Armour
 - Level 1.5 Dodging


You had one spell level left.
You didn't know any spells.
Your spell library was empty.

Dungeon Overview and Level Annotations

Branches:
Dungeon (1/15)

Altars:


Innate Abilities, Weirdness & Mutations

You are immune to sickness and miasma.
Your stone body is resilient. (AC +2)
You are immune to poison.
You resist negative energy. (rN+)
You are resistant to electric shocks. (rElec)
You are resistant to unholy torment.
You are immune to petrification.


Message History

The kobold hits you with a +0 dagger.
* * * LOW HITPOINT WARNING * * *
The kobold closely misses you. The kobold hits you but does no damage.
You see here a dart slug corpse.
You closely miss the goblin.
The goblin is severely wounded.
You hit the kobold.
You kill the kobold!
Trog accepts your kill.
You hit the kobold. The goblin closely misses you.
The kobold hits you with a +0 short sword.
* * * LOW HITPOINT WARNING * * *
You closely miss the goblin.
The goblin is severely wounded.
You hit the kobold but do no damage. The kobold completely misses you.
The goblin closely misses you.
You hit the goblin.
You kill the goblin!
Trog accepts your kill.
You hit the kobold.
You kill the kobold!
Trog accepts your kill.
You start resting.
A hobgoblin comes into view.
Things that are here:
a +0 short sword; a kobold corpse You hit the hobgoblin.
The hobgoblin is lightly wounded.
The hobgoblin closely misses you.
You hit the hobgoblin.
The hobgoblin is heavily wounded.
The hobgoblin closely misses you.
You hit the hobgoblin but do no damage.
The hobgoblin is heavily wounded.
The hobgoblin hits you but does no damage.
The hobgoblin closely misses you.
You closely miss the hobgoblin.
The hobgoblin is heavily wounded.
The hobgoblin hits you.
You die...

#. #. #....
....### #.
###...#
>.....##.
.....#
.........
###...!## #
##.####..
##.......##.#.#
#.#♣##..
#.............#
#~~~~~##
#.......g......
#♣~~~♣#
#.##†).@#
###♣~~#
#.##))..#
#<##~##
#.##.##.#
#...~+ #
#####.......#
#.##~# #
##...#.#####.#
###♣~♣###
#......# #...
#♣~~~~#
#......# #..##
####~~~~~##
#.....)# #.##
#..........
##...#.#####.#
#.#####.##.


You could see a hobgoblin.

Vanquished Creatures
  A dart slug (D:1)
  4 endoplasms (D:1)
  2 goblins (D:1)
  A bat (D:1)
  4 kobolds (D:1)
  A rat (D:1)
13 creatures vanquished.

Notes
Turn   | Place    | Note
-------+----------+-------------------------------------------
     0 | D:1      | Kel the Gargoyle Berserker began the quest for the Orb.
     0 | D:1      | Reached XP level 1. HP: 14/14 MP: 1/1
   306 | D:1      | Reached XP level 2. HP: 8/19 MP: 2/2
   629 | D:1      | Slain by a hobgoblin

Illustrated notes

Levels and vault maps discovered:
D:1:      sevenhm_arrival_forest_fort_small_4, layout_loops_ring, serial_glass,
          glass_columns_c, glass_columns_c, shapermc_ecumenical_altar_notcrosses

Skill      XL: |  1 |
---------------+----+-----
Axes           | 3 |  3.4
Fighting       | |  3.2
Armour         | |  2.1
Dodging        | |  1.5

Action                   || total
-------------------------++-------
Melee: Hand axe          ||    34
       Punch             ||     1
Armor: Animal skin       ||    12
Dodge: Dodged            ||    21
